 Dungeon Crawl Stone Soup version 0.27.1-3-gb3d3a73c9e (webtiles) character file.

Game seed: 13324456232866339549

46 Descartes the Grave Robber (level 3, -1/20 HPs)
             Began as a Deep Elf Wanderer on Oct 15, 2021.
             Slain by Terence (7 damage)
             ... on level 2 of the Dungeon.
             The game lasted 00:04:08 (2145 turns).

Descartes the Grave Robber (Deep Elf Wanderer)      Turns: 2145, Time: 00:04:09

Health: -1/20      AC:  9    Str: 10    XL:     3   Next: 46%
Magic:  9/9        EV: 10    Int: 17    God:
Gold:   24         SH:  0    Dex: 13    Spells: 7/8 levels left

rFire    . . .     SeeInvis .   d - +0 great sword
rCold    . . .     Faith    .   (shield currently unavailable)
rNeg     . . .     Spirit   .   c - +0 ring mail
rPois    .         Reflect  .   (no helmet)
rElec    .         Harm     .   e - +2 cloak
rCorr    .         Rampage  .   k - +0 pair of gloves
Will     .....                  (no boots)
Stlth    +.........             (no amulet)
HPRegen  0.06/turn              (no ring)
MPRegen  0.11/turn              (no ring)

@: no status effects
A: no striking features
a: no special abilities


You were on level 2 of the Dungeon.
You visited 1 branch of the dungeon, and saw 2 of its levels.

You collected 24 gold pieces.

Inventory:

Hand Weapons
 a - a +0 dagger
 d - a +0 great sword (weapon)
Missiles
 b - 7 poisoned darts (quivered)
 f - 25 stones
Armour
 c - a +0 ring mail (worn)
 e - a +2 cloak (worn)
 k - a +0 pair of gloves (worn)
Scrolls
 h - a scroll of immolation {unknown}
 j - a scroll of summoning {unknown}
 l - a scroll of identify {unknown}
 m - a scroll of silence {unknown}
Potions
 g - 2 potions of brilliance {unknown}
 i - 2 potions of heal wounds {unknown}


   Skills:
 - Level 1.5 Fighting
 + Level 1.0(1.2) Short Blades
 + Level 0.7(1.0) Long Blades
 - Level 1.0 Maces & Flails
 - Level 1.0 Throwing
 + Level 0.6 Armour
 + Level 1.0 Dodging
 - Level 1.0 Shields
 + Level 3.3 Spellcasting
 + Level 1.8 Conjurations
 - Level 3.6 Necromancy


You had 7 spell levels left.
You knew the following spells:

 Your Spells              Type           Power      Damage    Failure   Level
a - Magic Dart            Conj           36%        1d4       21%         1

Your spell library contained the following spells:

 Spells                   Type           Power      Damage    Failure   Level
 Blink                    Tloc           N/A        N/A       54%         2
 Call Imp                 Summ           2%         N/A       54%         2
 Slow                     Hex            2%         N/A       54%         2
 Conjure Flame            Conj/Fire      6%         6-21      65%         3
 Mephitic Cloud           Conj/Pois/Air  4%         N/A       71%         3


Dungeon Overview and Level Annotations

Branches:
Dungeon (2/15)

Altars:

Annotations:
D:2 Terence


Message History

No target in view!
No target in view!
No target in view!
No target in view!
No target in view!
No target in view!
No target in view!
No target in view!
No target in view!
No target in view!
No target in view!
No target in view!
No target in view!
No target in view!
f - 25 stones (gained 4)
Things that are here:
a +0 short sword; a frilled lizard corpse You now have 24 gold pieces (gained 6).
Found a coppery potion.
Found a scroll labelled QOIVEOD YNEU.
Found 15 gold pieces.
m - a scroll labelled QOIVEOD YNEU Terence shouts!
You barely miss Terence. Terence hits you but does no damage.
Terence hits you with a +2 flail of protection!
You hit Terence but do no damage.
Terence hits you with a +2 flail of protection.
* * * LOW HITPOINT WARNING * * *
You are too injured to fight recklessly!
You are too injured to fight recklessly!
You are too injured to fight recklessly!
You are too injured to fight recklessly!
You are too injured to fight recklessly!
You are too injured to fight recklessly!
You are too injured to fight recklessly!
You are too injured to fight recklessly!
You are too injured to fight recklessly!
You are too injured to fight recklessly!
Terence hits you with a +2 flail of protection!
You die...

#.####.#####..##.#..........##.#
#.........##.....................
#.........##..........>.#.#.##...
#.........##.###.#..#...#.#.# ..
...###.#####.# #.#..#...#.#.# .
...# #.# #.###.#..#.#.#.#.# ...#
#.# ###............
...###.###..........#
#..............#@#.$...
#......#####...#@# #.# .......#
#...#........ .......#
#..........## .......#
##.####.##.# .....### #.# .# ..
..... ..# .# ..... #


You could see Terence.

Vanquished Creatures
  An adder (D:2)
  3 endoplasms
  4 giant cockroaches
  3 goblins
  7 hobgoblins
  2 jackals (D:2)
  A quokka (D:1)
  A ball python (D:1)
  4 frilled lizards
  4 kobolds
  2 rats (D:1)
32 creatures vanquished.

Notes
Turn   | Place    | Note
-------+----------+-------------------------------------------
     0 | D:1      | Descartes the Deep Elf Wanderer began the quest for the
                  | Orb.
     0 | D:1      | Descartes set off with the following items: a +0 dagger, 7
                  | poisoned darts, a +0 ring mail; and the following spell
                  | memorised: Magic Dart; and the following spells available
                  | to memorise: Blink, Call Imp, Slow, Conjure Flame, Mephitic
                  | Cloud
     0 | D:1      | Reached XP level 1. HP: 12/12 MP: 6/6
   279 | D:1      | Reached skill level 1 in Conjurations
   595 | D:1      | Reached XP level 2. HP: 5/16 MP: 8/8
  1001 | D:1      | Found a faded altar of an unknown god.
  1419 | D:2      | Reached XP level 3. HP: 19/20 MP: 9/9
  1598 | D:2      | Noticed Terence
  1602 | D:2      | HP: 1/20 [Terence (3)]
  2004 | D:2      | Reached skill level 1 in Dodging
  2015 | D:2      | Reached skill level 1 in Short Blades
  2145 | D:2      | Slain by Terence

Illustrated notes

Levels and vault maps discovered:
D:1:      minmay_arrival_split_and_join, layout_basic,
          ebering_ecumenical_altar_hall, minmay_shallow_snake_nest
D:2:      layout_basic, minivault_14, uniq_terence

Skill      XL: |  1  2  3 |
---------------+----------+-----
Conjurations   | 1 |  1.8
Dodging        | 1 |  1.0
Short Blades   | 1 |  1.0
Fighting       | |  1.5
Long Blades    | |  0.7
Maces & Flails | |  1.0
Throwing       | |  1.0
Armour         | |  0.6
Shields        | |  1.0
Spellcasting   | |  3.3
Necromancy     | |  3.6

Action                   || total
-------------------------++-------
Melee: Great sword       ||   111
Armor: Ring mail         ||    71
Dodge: Dodged            ||    83
       Rpst.: Great sword ||    26
